Cogmind - Beta 11 @@@ ROGUE MODE // 2022.04.02 @ 14:33:57 Player: DrZettl Result: Destroyed by G-47 Trooper with Particle Gun Performance ------------- Evolutions (2) 1000 Regions Visited (5) 1000 Robots Destroyed (33) 165 Value Destroyed (425) 425 Prototype IDs (6) 120 Alien Tech Used (0) 0 Bonus (364) 364 TOTAL SCORE: 3074 Bonus ------- High Alert Combat Kills 4 Follower Combat Kills 60 Aligned with FarCom 300 Cogmind --------- Core Integrity 0/550 Matter 272/300 Energy 46/100 System Corruption 1% Temperature Cool (9) Movement Flying (120) Ox1 Location -8/Materials Parts ------- > --- POWER (1) -------- (None) > --- PROPULSION (4) --- Flight Unit > --- UTILITY (4) ------ Advanced Visual Processing Unit > --- WEAPON (2) ------- Advanced EMP Blaster > --- INVENTORY (5) ---- Cryofiber Web Weight Redist. System ECM Suite Peak State ------------ > --- POWER ------------ (None) > --- PROPULSION ------- Airjet Flight Unit Flight Unit Flight Unit > --- UTILITY ---------- Advanced Visual Processing Unit Sensor Array Signal Interpreter Improved Terrain Scanner > --- WEAPON ----------- Light Assault Rifle Rocket Launcher > --- INVENTORY -------- Cryofiber Web Weight Redist. System ECM Suite Improved Light Cannon Improved Light Cannon [Rating: 18] Favorites ----------- Power Light Ion Engine Engine Light Ion Engine Propulsion Flight Unit Treads Light Treads Hover Unit Airjet Flight Unit Flight Unit Utility Sensor Array Device Sensor Array Storage Small Storage Unit Processor Signal Interpreter Weapon Light Assault Rifle Energy Gun EM Pulse Gun Ballistic Gun Light Assault Rifle Ballistic Cannon Improved Light Cannon Launcher Grenade Launcher Build | -11 -10 -10 -10 -9 -8 ------- Run | Scr Mat Min Exi Min Mat Slots Evolved 4 | . . . . . 4 Power . | . . . . . . Propulsion 2 | . . . . . 2 Utility 2 | . . . . . 2 Weapon . | . . . . . . Parts Attached 45 | 7 13 3 3 . 19 Power 2 | 1 1 . . . . Engine 2 | 1 1 . . . . Core . | . . . . . . Reactor . | . . . . . . Propulsion 16 | 2 4 1 . . 9 Treads 2 | 2 . . . . . Leg . | . . . . . . Wheel . | . . . . . . Hover 1 | . . . . . 1 Flight 13 | . 4 1 . . 8 Utility 13 | 2 3 . 3 . 5 Device 9 | 1 2 . 2 . 4 Storage 2 | 1 . . 1 . . Processor 2 | . 1 . . . 1 Hackware . | . . . . . . Protection . | . . . . . . Artifact . | . . . . . . Weapon 14 | 2 5 2 . . 5 Energy Gun 1 | 1 . . . . . Energy Cannon . | . . . . . . Ballistic Gun 7 | 1 4 . . . 2 Ballistic Cannon 1 | . . . . . 1 Launcher 5 | . 1 2 . . 2 Special Weapon . | . . . . . . Impact Weapon . | . . . . . . Slashing Weapon . | . . . . . . Piercing Weapon . | . . . . . . Special Melee Weapon . | . . . . . . Unidentified Prototypes 4 | . . . 2 . 2 Parts Lost 23 | . 2 1 . . 20 Power 1 | . . . . . 1 Propulsion 12 | . 1 1 . . 10 Utility 5 | . 1 . . . 4 Weapon 5 | . . . . . 5 Highest Loss Streak 14 | . 2 1 . . 14 To Critical Strikes 1 | . . . . . 1 Average Slot Usage (%) 90 | . 96 99 100 100 68 Engine 11 | . 14 14 14 14 3 Flight 25 | . 24 28 28 28 23 Device 15 | . 16 14 14 14 14 Processor 11 | . 6 14 14 14 12 Energy Gun 2 | . 6 . . . . Ballistic Gun 13 | . 18 14 14 14 7 Launcher 7 | . 3 13 14 14 4 Naked Turns . | . . . . . . Heaviest Build 14 | 14 14 8 8 8 9 Greatest Support 40 | 40 40 8 8 8 22 Greatest Overweight (x) 4 | . 4 . . . 1 Average Overweight (x) . | . . . . . . Largest Inventory Capacity 8 | 8 8 5 5 5 5 Average Capacity 5 | 7 5 5 5 5 5 Most Carried 7 | 5 7 5 5 5 5 Average Carried 4 | 2 4 4 5 5 3 Final Capacity 8 | 8 5 5 5 5 5 Final Carried 5 | 4 5 5 5 5 3 Class Distribution -------------------- 55% | Scavenger-Mutant 22% | Scavenger-Scout 15% | Mutant 7% | Scout Dominant Class ---------------- Scavenger-Mutant | -10/Materials Scavenger-Mutant | -10/Mines Scavenger-Mutant | -10/Exiles Scavenger-Scout | -9/Mines Scavenger-Scout | -8/Materials Resources | -11 -10 -10 -10 -9 -8 ----------- Run | Scr Mat Min Exi Min Mat Matter Collected 736 | 269 176 20 . 88 183 Remotely . | . . . . . . Salvage Created 632 | 63 366 1 . 34 168 Parts 56 | 5 34 2 . 1 14 Haulers Intercepted 2 | . 2 . . . . Recyclers Shooed . | . . . . . . Parts Field Recycled . | . . . . . . Retrieved Matter . | . . . . . . Parts Self-Destructed . | . . . . . . Prevented . | . . . . . . Kills | -11 -10 -10 -10 -9 -8 ------- Run | Scr Mat Min Exi Min Mat Combat Hostiles Destroyed 21 | . 10 2 . 1 8 Guns 12 | . 8 . . . 4 Cannons 1 | . . . . . 1 AOE 8 | . 2 2 . 1 3 Classes Destroyed 7 | 1 6 . . . . Worker 3 | . 1 . . . 2 Builder 2 | . 2 . . . . Tunneler 3 | 3 . . . . . Hauler 2 | . 2 . . . . Watcher 2 | . 2 . . . . Swarmer 18 | . 9 2 . . 7 Grunt 3 | . 1 . . 1 1 Best Kill Streak 4 | 2 4 2 . 1 3 Combat Bots Only 4 | . 4 2 . 1 3 Max Kills in Single Turn 3 | 2 3 2 . 1 3 Gunslinging 1 | . . . . . 1 Exploded 2 | . 2 2 . 1 2 Melee . | . . . . . . Uniques/NPCs Destroyed . | . . . . . . Combat | -11 -10 -10 -10 -9 -8 -------- Run | Scr Mat Min Exi Min Mat Damage Taken 1823 | . 269 143 . . 1411 Core 644 | . 39 44 . . 561 Absorbed by Shields . | . . . . . . Regen/Repaired (Parts) 60 | . . . . . 60 Core Remaining (%) 83 | 100 . . . 66 . Volleys Fired 95 | 4 42 18 . 1 30 Largest 2 | 2 2 1 . 2 2 Hottest 60 | 60 60 30 . 50 59 Shots Fired 150 | 8 79 18 . 2 43 Gun 132 | 8 78 16 . 1 29 Cannon 7 | . . . . . 7 Launcher 11 | . 1 2 . 1 7 Special . | . . . . . . Kinetic 105 | 4 48 16 . 1 36 Thermal . | . . . . . . Explosive 10 | . 1 2 . 1 6 Electromagnetic 35 | 4 30 . . . 1 Robot Hit Streak 8 | 6 8 2 . . 8 Robot Miss Streak 6 | 1 6 5 . . 4 Penetration Max . | . . . . . . Secondary Targets 2 | . 1 . . . 1 Max Gunslinging Chain 1 | . 1 . . . 1 Shots Hit Robots 71 | 6 37 6 . . 22 Core Hits 53 | 5 22 2 . 1 23 Critical Kills . | . . . . . . Critical Parts Destroyed 1 | . . 1 . . . Critical Strikes 2 | . . 1 . . 1 Destroy 1 | . . 1 . . . Blast 1 | . . . . . 1 Melee Attacks . | . . . . . . Impact . | . . . . . . Slashing . | . . . . . . Piercing . | . . . . . . Sneak Attacks . | . . . . . . Combat Hostiles . | . . . . . . Follow-up Attacks . | . . . . . . Damage Inflicted 1605 | 151 608 266 . 32 548 Guns 683 | 64 444 53 . . 122 Cannons 45 | . . . . . 45 Explosions 871 | 87 164 213 . 32 375 Melee . | . . . . . . Ramming 6 | . . . . . 6 Kinetic 451 | 23 208 53 . . 167 Thermal 87 | 87 . . . . . Explosive 730 | . 164 213 . 32 321 Electromagnetic 331 | 41 236 . . . 54 Impact . | . . . . . . Slashing . | . . . . . . Piercing . | . . . . . . Highest Corruption 1 | . . . . . 1 Average Corruption 1 | . . . . . 1 Corruption Purged . | . . . . . . Corruption Blocked . | . . . . . . Overload Shots . | . . . . . . Overflow Damage 106 | 13 19 44 . . 30 Projectiles . | . . . . . . Explosions 106 | 13 19 44 . . 30 Melee . | . . . . . . Knockbacks 1 | . . . . . 1 Impact . | . . . . . . Kinetic 1 | . . . . . 1 Secondary . | . . . . . . Self-Inflicted Damage 91 | . . 21 . . 70 Shots 4 | . . 1 . . 3 Rammed 2 | 1 . . . . 1 Targets Rammed 2 | 1 . . . . 1 Kicked . | . . . . . . Crushed . | . . . . . . Highest Temperature 74 | 20 74 4 . 14 16 Average Temperature 17 | 15 20 2 . 10 9 Received Heat Transfer 396 | . 18 . . . 378 Siege Activations . | . . . . . . Robots Corrupted . | . . . . . . Combat Hostiles . | . . . . . . Parts Fried 1 | . 1 . . . . Impact Corruptions . | . . . . . . Robots Melted . | . . . . . . Combat Hostiles . | . . . . . . Parts Melted . | . . . . . . Heat Transferred 150 | 150 . . . . . Parts Sabotaged . | . . . . . . Parts Stolen . | . . . . . . Parts Stripped . | . . . . . . Power Chain Reactions 1 | 1 . . . . . Missiles Intercepted . | . . . . . . Alert | -11 -10 -10 -10 -9 -8 ------- Run | Scr Mat Min Exi Min Mat Peak Influence 535 | 15 307 143 . 114 535 Initial 44 | . 9 25 . . 44 Average 132 | 4 135 129 . 110 181 Maximum Alert Level 2 | . 1 . . . 2 Low Security (%) 82 | 100 85 100 . 100 57 Level 1 14 | . 14 . . . 34 Level 2 2 | . . . . . 8 Level 3 . | . . . . . . Level 4 . | . . . . . . Level 5 . | . . . . . . High Security . | . . . . . . Max Security . | . . . . . . Squads Dispatched 6 | . 3 . . . 3 Investigation 4 | . 3 . . . 1 Extermination . | . . . . . . Reinforcement 2 | . . . . . 2 Assault . | . . . . . . Garrison . | . . . . . . Intercept . | . . . . . . Searches Triggered . | . . . . . . Construction Impeded 1 | . . . . . 1 Haulers Reinforced . | . . . . . . Active Scanning Responses . | . . . . . . Cargo Convoy Interrupts . | . . . . . . Stealth | -11 -10 -10 -10 -9 -8 --------- Run | Scr Mat Min Exi Min Mat Distress Signals 3 | . 1 . . . 2 Communications Jammed . | . . . . . . Distress Signals . | . . . . . . Times Spotted 72 | . 17 4 . 3 48 Peak Tracking Total 19 | . 5 3 . 3 19 Tactical Retreats 11 | . 2 2 . . 7 Traps | -11 -10 -10 -10 -9 -8 ------- Run | Scr Mat Min Exi Min Mat Traps Triggered . | . . . . . . Indirectly . | . . . . . . Trap Hack Attempts . | . . . . . . Triggered . | . . . . . . Disarmed . | . . . . . . Reprogrammed . | . . . . . . Reused . | . . . . . . Traps Extracted . | . . . . . . Installed . | . . . . . . Triggered . | . . . . . . Machines | -11 -10 -10 -10 -9 -8 ---------- Run | Scr Mat Min Exi Min Mat Machines Disabled 6 | . 2 . . 1 3 Max in Single Turn 1 | . 1 . . . 1 Machines Sabotaged . | . . . . . . Garrisons Compromised . | . . . . . . Overloaded Fab Kills . | . . . . . . Hacking | -11 -10 -10 -10 -9 -8 --------- Run | Scr Mat Min Exi Min Mat Machines Accessed 12 | . 8 . . 1 3 Terminals 10 | . 7 . . 1 2 Fabricators . | . . . . . . Repair Stations 1 | . . . . . 1 Recycling Units 1 | . 1 . . . . Scanalyzers . | . . . . . . Garrison Access . | . . . . . . Total Hacks 38 | . 26 . . 4 8 Successful 15 | . 9 . . 1 5 Failed 23 | . 17 . . 3 3 Catastrophic 4 | . 4 . . . . Database Lockouts . | . . . . . . Manual 24 | . 14 . 1 4 5 Terminals 32 | . 25 . . 4 3 Fabricators . | . . . . . . Repair Stations 5 | . . . . . 5 Recycling Units 1 | . 1 . . . . Scanalyzers . | . . . . . . Garrison Access . | . . . . . . Terminal Hacks 10 | . 7 . . 1 2 Robot Analysis 2 | . . . . 1 1 Prototype ID Bank 1 | . 1 . . . . Alert Level 2 | . 2 . . . . Unreport Threat 1 | . 1 . . . . Dispatch Records 1 | . 1 . . . . Hauler Manifests 1 | . 1 . . . . Zone Layout 2 | . 1 . . . 1 Fabricator Hacks . | . . . . . . Repair Station Hacks 2 | . . . . . 2 Scan Component 1 | . . . . . 1 Repair 1 | . . . . . 1 Recycling Unit Hacks 1 | . 1 . . . . Report Inventory 1 | . 1 . . . . Scanalyzer . | . . . . . . Garrison Access Hacks . | . . . . . . Unauthorized Hacks 2 | . 1 . . . 1 Terminals 2 | . 1 . . . 1 Track 2 | . 1 . . . 1 Fabricators . | . . . . . . Repair Stations . | . . . . . . Recycling Units . | . . . . . . Scanalyzers . | . . . . . . Garrison Access . | . . . . . . Data Cores Recovered . | . . . . . . Used . | . . . . . . Hacking Detections 9 | . 6 . . 1 2 Full Trace Events 7 | . 5 . . 1 1 Feedback Events . | . . . . . . Feedback Blocked . | . . . . . . Robot Schematics Acquired . | . . . . . . Robots Built . | . . . . . . Authchips . | . . . . . . Time . | . . . . . . Total Robot Build Rating . | . . . . . . Part Schematics Acquired . | . . . . . . Parts Built . | . . . . . . Authchips . | . . . . . . Time . | . . . . . . Total Part Build Rating . | . . . . . . Parts Repaired 1 | . . . . . 1 Time 26 | . . . . . 26 Parts Recycled . | . . . . . . Recycled Matter . | . . . . . . Retrieved Matter . | . . . . . . Retrieved Components . | . . . . . . Parts Scanalyzed . | . . . . . . Part Schematics Acquired . | . . . . . . Parts Damaged . | . . . . . . Bothacking | -11 -10 -10 -10 -9 -8 ------------ Run | Scr Mat Min Exi Min Mat Used RIF Installer . | . . . . . . Robots Hacked . | . . . . . . Non-combat . | . . . . . . Combat . | . . . . . . Robot Hacks Applied . | . . . . . . Relay Couplers Released . | . . . . . . Fabnet Peak Effective % . | . . . . . . Robots Rewired . | . . . . . . Allies Hacked . | . . . . . . Hacks Repelled . | . . . . . . Allies | -11 -10 -10 -10 -9 -8 -------- Run | Scr Mat Min Exi Min Mat Total Allies 3 | . . 3 . . . Largest Group 3 | . . 3 3 3 3 Highest-Rated Group 40 | . . 40 40 40 40 Highest-Rated Ally 16 | . . 16 16 16 16 Total Orders . | . . . . . . Ally Attacks 16 | . . . . 10 6 Total Damage 178 | . . . . 104 74 Kills 2 | . . . . 2 . Allies Corrupted . | . . . . . . Allies Melted . | . . . . . . Intel | -11 -10 -10 -10 -9 -8 ------- Run | Scr Mat Min Exi Min Mat Robot Analysis Total 2 | . . . . 1 1 Derelict Logs Recovered 2 | . . 2 . . . Drone Launches . | . . . . . . Drone Recoveries . | . . . . . . Exploration | -11 -10 -10 -10 -9 -8 ------------- Run | Scr Mat Min Exi Min Mat Turns Passed 1572 | 117 509 164 228 188 366 Spaces Moved 2248 | 58 806 164 455 320 445 Core 73 | 2 1 . . . 70 Treads 78 | 56 22 . . . . Legs . | . . . . . . Wheels . | . . . . . . Hover . | . . . . . . Flight 2097 | . 783 164 455 320 375 Fastest Speed 31 | 50 37 37 37 37 31 Average Speed 42 | 156 41 37 37 37 38 Slowest Speed 280 | 160 280 37 37 37 120 Overloaded Moves . | . . . . . . Propulsion Burnouts . | . . . . . . Robots Hopped 14 | . 10 . . 2 2 Cave-ins Triggered . | . . . . . . Exploration Rate (%) 49 | 4 84 31 87 46 47 Regions Visited 5 Branch Regions 3 Pre-discovered Areas . | . . . . . . Known Exits Taken 4 | . 1 1 1 1 . Unknown Exits Taken 1 | 1 . . . . . Scrap Searched 3 | . . 1 . 2 . Spaces Dug 1 | . . . . . 1 Terrain Destroyed 58 | . 9 13 . 4 32 Melee . | . . . . . . Projectile 1 | . . . . . 1 AOE 57 | . 9 13 . 4 31 Terrain Rammed . | . . . . . . Walls Destroyed . | . . . . . . Machines Disabled . | . . . . . . Actions | -11 -10 -10 -10 -9 -8 --------- Run | Scr Mat Min Exi Min Mat Total 2723 | 74 902 252 514 385 596 Wait 303 | . 23 63 54 67 96 Move 2215 | 57 785 163 454 315 441 Hop 14 | . 10 . . 2 2 Pick Up 21 | 5 11 2 . . 3 Fast Attach 28 | 6 4 2 3 . 13 Attach 10 | 1 2 1 . . 6 Detach 4 | . 2 . . . 2 Swap 7 | . 7 . . . . Drop 23 | . 16 3 3 . 1 Fire 95 | 4 42 18 . 1 30 Melee . | . . . . . . Ram 1 | . . . . . 1 Kick . | . . . . . . Crush 1 | 1 . . . . . Escape Stasis . | . . . . . . Rewire 1 | . . . . . 1 Trap . | . . . . . . Miscellaneous . | . . . . . . Route ------- -11/Scrapyard -10/Materials (discovered 3 exits: *Mat x2 / *Min) -10/Mines (discovered 2 exits: *Mat / *Exi) -10/Exiles (discovered 2 exits: *Min x2) -9/Mines -8/Materials History --------- Turn | Location | Event 33 | -11/Scrapyard | Discovered new exit (range 15) 118 | -11/Scrapyard | Entered Materials 253 | -10/Materials | Discovered new exit (range 16) 458 | -10/Materials | Build established: Scavenger-Mutant 489 | -10/Materials | Identified exit to Materials 504 | -10/Materials | Discovered exit to Materials (range 8) 539 | -10/Materials | Discovered new exit (range 16) 627 | -10/Materials | Identified exit to Mines 627 | -10/Materials | Entered Mines 670 | -10/Mines | Learned Materials interactive machine intel 676 | -10/Mines | Assisted by bots powering up and referring to "LRC-V3" 750 | -10/Mines | Discovered exit to Materials (range 8) 751 | -10/Mines | A weapon hastily lodged in a ceiling crevice suddenly fell to the ground 757 | -10/Mines | Received a Rocket Launcher from a helpful Derelict 778 | -10/Mines | Deemed a non-threat by the Exiles lab entrance 778 | -10/Mines | Discovered new exit (range 5) 779 | -10/Mines | Identified exit to Exiles 791 | -10/Mines | Entered Exiles 791 | -10/Exiles | Accompanied by 3 allies 792 | -10/Exiles | Identified exit to Mines 800 | -10/Exiles | Met 8R-AWN 807 | -10/Exiles | Met EX-HEX 817 | -10/Exiles | Met EX-BIN 821 | -10/Exiles | Aligned with FarCom system 822 | -10/Exiles | Given EX-Vault access code 830 | -10/Exiles | Opened EX-Vault 833 | -10/Exiles | Found Prototype Storage 833 | -10/Exiles | Identified Superbattery 835 | -10/Exiles | Found Prototype Device 835 | -10/Exiles | Identified Skeleton Box 849 | -10/Exiles | Warned to stay clear of 0b10 Research branches 861 | -10/Exiles | Met EX-DEC 911 | -10/Exiles | Visited The Gauntlet 1019 | -10/Exiles | Entered Mines 1019 | -9/Mines | Accompanied by 3 allies 1045 | -9/Mines | Discovered new exit (range 12) 1049 | -9/Mines | Identified exit to Materials 1207 | -9/Mines | Entered Materials 1207 | -8/Materials | Accompanied by 3 allies 1207 | -8/Materials | Evolved 4 slots: Propulsion x2, Utility x2 1208 | -8/Materials | Loaded intel: 18 interactive machine locations 1275 | -8/Materials | Repaired Lgt. Assault Rifle 1315 | -8/Materials | Build established: Scavenger-Scout 1366 | -8/Materials | Lost 3 parts (1p1n1w) 1477 | -8/Materials | Core integrity fell below 50% 1520 | -8/Materials | Lost 14 parts (7n4u3w) 1534 | -8/Materials | Core integrity fell below 20% 1573 | -8/Materials | Destroyed by G-47 Trooper with Particle Gun Last Messages --------------- 01531_ U-05 Engineer lays Concrete. 01532_ K-01 Serf collects debris. 01532_ U-05 Engineer lays Concrete. 01533_ Slammed into K-01 Serf. 01534_ U-05 Engineer lays Concrete. 01536_ U-05 Engineer builds a Wall. 01536_ U-05 Engineer lays Concrete. 01541_ Attempting to rewire A-02 Transporter. 01541_ A-02 Transporter is broken beyond repair. 01554_ K-01 Serf cleans the Material Compactor. 01557_ Acquired Prototype Launcher. 01557_ Identified Adv. EMP Blaster. 01559_ Material Compactor disabled. 01559_ K-01 Serf destroyed. 01559_ S-10 Pest destroyed. 01561_ Acquired 21 matter. 01565_ Acquired Flight Unit. 01569_ Critical hit (Burn: +37). 01569_ Acquired Flight Unit. 01572_ Flight Unit destroyed. Map ----- +----------------------------------------------------+ | ?????????????????????????????????????????? | | ?????????????????????????????????????????? | | ?????????????????????????????????????????? | | ???????????????"?????????????????????????? | | ???????????????T?????????????????????????? | | ???????????????"?????????????????????????? | | ????????????????????????? ?????????????? | | ????????????????????????? ?????????????? | | ??T?????????????????????? #????????????? | | ????????????????????????? #????????????? | | ????????????????????????? #????????????? | | ????????????????????????? #????????????? | | ????????????????????????? #????????????? | | ????????????????????????? #????????????? | | ????????????????????????# #????????????? | | ????????????????????????# #????????????? | | ????????????????????????# #????????????? | | ????????????????????????# #????????????? | | ?????????? ?????????????#a #????????????? | | #######??? ?????????????# #????????????? | | ! #??#k############## #????????????? | | #??# #????????????? | | #??# #????????????? | | #??# #????????????? | | #??# ##### #???? | | #??# h @ #???? | | #??# bh r s######???????? | | =#??#r############## #????????????? | | ##?# #??##???????###g#######???????? | | ## #### #?!!##??????# #???????? | | ## !#??????#= [ #???????? | | !#??????# % #???????? | | !#??????# ##??????? | | Y !#??????# " % #???????? | | ##!!##??????#"""" #???????? | | # ##??#???????# """ #???????? | | # % ###########?# #???????? | | # #########+###???????? | | / Y ]# ## #????###### | | # % g/g ##g#????# # | | # # [# =## #????# # | | # !########### ## #????# ! # | | # ! ! ##############+#### ###### # | | + ! % + # | | # | [ ########################## # | | # "" #??????????????########??#! # | | # "" #??????????????#!!]][[#??# # | | # T" #??????????????#!!]][[#??# # | | # "" ##########?????# #??#+#### | | % "" ## #### #??? | +----------------------------------------------------+ Best States ------------- Heat Dissipation 31 Energy Generation 10 Energy Capacity 250 Matter Stores 300 Matter Capacity 300 Sight Range 20 Robot Scan Range 15 Terrain Scan Range 16 Terrain Scan Density 10 Additional Mass Support 6 Evasion (%) 63 Recoil Reduction 2 Item Schematics ----------------- None Robot Schematics ------------------ None Fabricated ------------ Nothing Alien Tech Used ----------------- None Achievements -------------- None Challenges ------------ None Game ------ Seed SapperPropulsionLaser Manual? 0 Play Time 00:33:41 Cumulative 68.6 hours Start 2022.04.02 @ 14:03:35 End 2022.04.02 @ 14:33:57 Sessions 1 Manual Loads 0 Difficulty Rogue Special Mode None Game No. 76 Rogue 76 Adventurer 0 Explorer 0 Win Type - Total 0 Types 0/0/0/0/0/0/0/0/0 Lore% 31 Gallery% 45 Achievement% 33 Wizard Run 0 Options --------- ASCII 0 Keyboard 0 Movement Numpad Keybinds 0 Fullscreen 1 Font 16/Smallcaps Map View 76x50 Tactical HUD 1 Map Filters NONE Filters NONE Steam 1 RUN: bfa529e4-cb29-42ac-aa23-6b54a84a3546